 Dungeon Crawl Stone Soup version 0.20.0-15-g7f486f2 (webtiles) character file.

1281 nikopol the Cleaver (level 8, 0/69 HPs)
             Began as a Hill Orc Fighter on June 11, 2017.
             Slain by a killer bee (1 damage)
             ... on level 4 of the Dungeon.
             The game lasted 00:12:39 (4860 turns).

nikopol the Cleaver (Hill Orc Fighter)              Turns: 4860, Time: 00:12:40

Health: 0/69       AC:  7    Str: 21    XL:     8   Next: 54%
Magic:  17/17      EV:  8    Int:  8    God:
Gold:   500        SH: 10    Dex: 10    Spells: 7/7 levels left

rFire    . . .     SeeInvis .   a - +0 war axe
rCold    . . .     Gourm    .   c - +0 shield
rNeg     . . .     Faith    .   b - +0 scale mail
rPois    .         Spirit   .   (no helmet)
rElec    .         Reflect  .   (no cloak)
rCorr    .         Harm     .   (no gloves)
MR       .....                  (no boots)
Stlth    ..........             (no amulet)
Regen    0.3/turn               k - ring of magical power
MPRegen  0.2/turn               (no ring)

@: lethally poisoned (0 -> -12)
A: no striking features
a: no special abilities


You were on level 4 of the Dungeon.
You were not hungry.

You visited 1 branch of the dungeon, and saw 5 of its levels.
You also visited: Ossuary.

You collected 500 gold pieces.

Inventory:

Hand Weapons
 a - a +0 war axe (weapon)
Armour
 b - a +0 scale mail (worn)
 c - a +0 shield (worn)
 u - a +0 helmet
Jewellery
 k - a ring of magical power (left hand)
 F - an uncursed ring of ice {unknown}
Wands
 E - a wand of enslavement (10/24)
Scrolls
 g - 2 scrolls of identify
 h - 6 scrolls of remove curse
 i - 2 scrolls of teleportation
 j - 2 scrolls of fog
 w - a scroll of amnesia {unknown}
 y - a scroll of magic mapping
 A - a scroll of enchant armour {unknown}
 B - a scroll of immolation {unknown}
 C - a scroll of blinking
 D - a scroll of fear {unknown}
Potions
 d - a potion of might
 e - 3 potions of brilliance
 l - a potion of flight {unknown}
 m - a potion of ambrosia {unknown}
 n - a potion of heal wounds {unknown}
 p - 4 potions of lignification {unknown}
 q - a potion of resistance {unknown}
 r - 6 potions of curing {unknown}
 v - 3 potions of mutation {unknown}
Books
 o - a book of Minor Magic

   Spells                             Type                      Level
   a - Magic Dart                     Conjuration                  1
   b - Blink                          Translocation                2
   c - Call Imp                       Summoning                    2
   d - Slow                           Hexes                        2
   e - Conjure Flame                  Conjuration/Fire             3
   f - Mephitic Cloud                 Conjuration/Poison/Air       3
 z - a book of Maledictions

   Spells                             Type                      Level
   a - Corona                         Hexes                        1
   b - Ensorcelled Hibernation        Hexes/Ice                    2
   c - Confuse                        Hexes                        3
   d - Tukima's Dance                 Hexes                        3
   e - Dazzling Spray                 Conjuration/Hexes            3
Comestibles
 f - 2 bread rations
 s - a royal jelly
 t - a meat ration
 x - 4 fruits


   Skills:
 + Level 5.4 Fighting
 + Level 9.0 Axes
 + Level 5.9 Armour
 + Level 1.3 Dodging
 + Level 1.0 Stealth
 + Level 5.8 Shields


You had 7 spell levels left.
You didn't know any spells.

Dungeon Overview and Level Annotations

Branches:
Dungeon (5/15)
 Temple: D:4-7

Altars:
Elyvilon
Ru


Message History

The killer bee stings you.
* * * LOW HITPOINT WARNING * * *
The killer bee stings you but does no damage.
The killer bee barely misses you.
You closely miss the killer bee.
The killer bee is heavily wounded.
You hit the killer bee. You miss the killer bee.
* * * LOW HITPOINT WARNING * * *
You feel sick. The killer bee barely misses you. The killer bee stings you.
* * * LOW HITPOINT WARNING * * *
The killer bee stings you but does no damage. x2
You block the killer bee's attack.
The killer bee stings you but does no damage.
You closely miss the killer bee.
The killer bee is heavily wounded.
You hit the killer bee but do no damage. x2
* * * LOW HITPOINT WARNING * * *
You feel sick. You block the killer bee's attack.
The killer bee completely misses you. The killer bee stings you.
You die...

#............#
#............#
#............#
########.......#
#..............#
#.######.......#
####.#.## #.......#
#....y..###.......#####
#.....@y...............
#....y..#######)####.##
#.......# #.# #..#
#.......#### #.# ##.#
#..........## #.# ##...
#....##.##..###.###....
###..#...........#.....
#........####'##..._.
#......#.......#.....


You could see 3 killer bees.

Vanquished Creatures
  Pikel (D:4)
  Duvessa (D:5)
  A phantom (D:4)
  A centaur (D:5)
  Dowan (D:5)
  2 scorpions (D:4)
  A hound (D:4)
  A bullfrog skeleton (D:5)
  3 worker ants
  A big kobold zombie (Ossuary)
  8 mummies (Ossuary)
  5 adders
  3 worms
  A dart slug (D:3)
  3 leopard geckos
  12 orcs
  11 bats
  2 giant cockroaches
  7 goblins
  12 hobgoblins
  8 jackals
  9 kobolds
  A quokka (D:3)
  A frilled lizard (D:3)
  A gnoll zombie (Ossuary)
  3 hobgoblin zombies (Ossuary)
  A kobold zombie (Ossuary)
  A leopard gecko skeleton (D:4)
  2 orc zombies (Ossuary)
  A quokka skeleton (D:4)
  8 rats
113 creatures vanquished.

Vanquished Creatures (others)
  A leopard gecko (D:4)
1 creature vanquished.

Grand Total: 114 creatures vanquished

Notes
Turn   | Place    | Note
-------+----------+-------------------------------------------
     0 | D:1      | nikopol the Hill Orc Fighter began the quest for the Orb.
     0 | D:1      | Reached XP level 1. HP: 19/19 MP: 1/1
    95 | D:1      | Reached XP level 2. HP: 21/27 MP: 2/2
   137 | D:1      | Reached skill level 3 in Axes
   534 | D:1      | Reached XP level 3. HP: 33/33 MP: 3/3
  1527 | D:2      | Reached XP level 4. HP: 37/40 MP: 4/4
  1621 | D:3      | Reached skill level 4 in Axes
  1972 | D:3      | Reached XP level 5. HP: 44/46 MP: 5/5
  2677 | D:4      | Found a sand-covered staircase.
  2686 | Ossuary  | Entered an ossuary
  2812 | Ossuary  | Reached skill level 5 in Axes
  2819 | Ossuary  | Reached XP level 6. HP: 13/52 MP: 6/6
  3473 | D:4      | Noticed a slave
  3475 | D:4      | Noticed Pikel
  3476 | D:4      | Noticed a slave
  3476 | D:4      | Noticed a slave
  3476 | D:4      | Noticed a slave
  3487 | D:4      | Killed Pikel
  3487 | D:4      | Reached skill level 7 in Axes
  3487 | D:4      | Reached skill level 5 in Armour
  3487 | D:4      | Reached skill level 5 in Shields
  3487 | D:4      | Reached XP level 7. HP: 15/60 MP: 7/7
  3743 | D:4      | Found a sacrificial altar of Ru.
  3844 | D:4      | Reached skill level 5 in Fighting
  3844 | D:4      | Reached skill level 1 in Dodging
  3844 | D:4      | Reached XP level 8. HP: 57/68 MP: 8/8
  4083 | D:4      | Reached skill level 8 in Axes
  4361 | D:5      | Entered Level 5 of the Dungeon
  4384 | D:5      | Found a white marble altar of Elyvilon.
  4451 | D:5      | Noticed Dowan
  4452 | D:5      | Noticed Duvessa
  4463 | D:5      | Killed Duvessa
  4463 | D:5      | Reached skill level 1 in Stealth
  4463 | D:5      | HP: 3/68 [Dowan/dagger (1)]
  4467 | D:5      | Killed Dowan
  4467 | D:5      | Reached skill level 9 in Axes
  4859 | D:4      | HP: 3/69 [killer bee (5)]
  4860 | D:4      | HP: 1/69 [poisoned by a killer bee]
  4860 | D:4      | Slain by a killer bee

Skill      XL: |  1  2  3  4  5  6  7  8 |
---------------+-------------------------+-----
Axes           | 3 4 5 7 9 |  9.0
Shields        | 4 5 |  5.8
Armour         | 4 5 |  5.9
Fighting       | 4 5 |  5.4
Dodging        | 1 |  1.3
Stealth        | 1 |  1.0

Action                   |  1- 3 |  4- 6 |  7- 9 || total
-------------------------+-------+-------+-------++-------
Melee: War axe           |   128 |   216 |    85 ||   429
  Use: Scroll            |       |     8 |       ||     8
       Potion            |       |       |     1 ||     1
  Eat: Chunk             |     2 |     5 |     6 ||    13
Armor: Scale mail        |    64 |    91 |    40 ||   195
Dodge: Dodged            |    49 |    53 |    28 ||   130
Block: Shield            |    77 |   109 |    58 ||   244
